 Dungeon Crawl Stone Soup version 0.28-a0-751-gef3a642a4e (webtiles) character file.

Game seed: 2054919062870562791

204 bande the Chopper (level 5, -11/33 HPs)
             Began as a Gargoyle Fighter on Oct 31, 2021.
             Mangled by a large abomination (24 damage)
             ... on level 1 of the Abyss.
             The game lasted 00:06:53 (3197 turns).

bande the Chopper (Gargoyle Fighter)                Turns: 3197, Time: 00:06:54

Health: -11/33     AC: 13    Str: 20    XL:     5   Next: 82%
Magic:  5/5        EV:  7    Int: 14    God:
Gold:   286        SH:  5    Dex: 11    Spells: 4/4 levels left

rFire   . . .      SeeInvis +   a - +0 war axe
rCold   . . .      Faith    .   c - +1 buckler
rNeg    + . .      Spirit   .   o - +0 chain mail
rPois   ∞          Reflect  .   (no helmet)
rElec   +          Harm     .   (no cloak)
rCorr   .          Rampage  .   (no gloves)
Will    .....                   (no boots)
Stlth   ..........              (no amulet)
HPRegen 0.11/turn               g - ring of Sasmea {Int+5 Dex+2 SInv}
MPRegen 0.09/turn               (no ring)

@: no status effects
A: sickness immunity, AC +4, negative energy resistance 1, electricity
resistance, torment resistance 1, petrification resistance
a: no special abilities


You were on level 1 of the Abyss.
You visited 1 branch of the dungeon, and saw 3 of its levels.
You visited the Abyss 1 time.

You collected 286 gold pieces.

Inventory:

Hand Weapons
 a - a +0 war axe (weapon)
 h - a +0 flail
 k - a +0 war axe
Armour
 c - a +1 buckler (worn)
 o - a +0 chain mail (worn)
Jewellery
 g - the ring of Sasmea (left hand) {Int+5 Dex+2 SInv}
   (You acquired it on level 3 of the Dungeon)

   [ring of see invisible]

   Int:       It affects your intelligence (+5).
   Dex:       It affects your dexterity (+2).
   SInv:      It lets you see invisible.
Scrolls
 e - a scroll of holy word
 f - a scroll of identify
 n - a scroll of teleportation
Potions
 b - a potion of ambrosia {unknown}
 d - 3 potions of might
 i - a potion of magic
 j - a potion of curing
 l - a potion of brilliance {unknown}
 m - a potion of cancellation


   Skills:
 + Level 3.8 Fighting
 + Level 4.2 Axes
 + Level 3.9 Armour
 - Level 0.3 Dodging
 + Level 4.0 Shields


You had 4 spell levels left.
You didn't know any spells.
Your spell library contained the following spells:

 Spells                   Type           Power      Damage    Failure   Level
 Ignite Poison            Fire/Tmut/Pois 0%         N/A       100%        3
 Mephitic Cloud           Conj/Pois/Air  0%         N/A       100%        3
 Cause Fear               Hex            0%         N/A       100%        4
 Freezing Cloud           Conj/Ice/Air   0%         6-21      100%        5
 Dragon Form              Tmut           0%         N/A       100%        7
 Dragon's Call            Summ           0%         N/A       100%        9


Dungeon Overview and Level Annotations

Branches:
Dungeon (3/15)

Altars:
Lugonu

Portals:
Abyss: D:3

Annotations:
D:3 2 transporters, flotson's ghost, amateur DsDe


Innate Abilities, Weirdness & Mutations

You are immune to sickness and miasma.
Your stone body is resilient. (AC +4)
You are immune to poison.
You resist negative energy. (rN+)
You are resistant to electric shocks. (rElec)
You are resistant to unholy torment.
You are immune to petrification.


Message History

The kobold hits you but does no damage.
You blink.
You hit the kobold.
You kill the kobold!
Unknown command.
You closely miss the kobold. The kobold hits you but does no damage.
You blink.
Unknown command.
The kobold hits you but does no damage.
You are cast into the Abyss!
This branch contains the abyssal rune of Zot.
Found 27 gold pieces.
You now have 205 gold pieces (gained 27).
Found a viscous amethyst potion.
Found 28 gold pieces.
Found 27 gold pieces.
You now have 233 gold pieces (gained 28).
There are no items here.
You now have 260 gold pieces (gained 27).
There are no items here.
A white imp comes into view.
The white imp shouts, "Away with thee, thou gleeking guts-griping vassal!"
Found a halberd and 26 gold pieces.
The white imp gestures at you. The puff of frost misses you.
You see here 26 gold pieces.
You now have 286 gold pieces (gained 26).
The white imp gestures at you. The puff of frost hits you.
The white imp hits you but does no damage.
You completely miss the white imp. The white imp gestures at you.
The puff of frost hits you. You block the white imp's attack.
You hit the white imp but do no damage. The white imp completely misses you.
You slash the white imp!
You kill the white imp!
Found a gateway leading deeper into the Abyss.
You slash the large abomination!
The large abomination is lightly damaged.
The large abomination hits you!!
Ouch! That really hurt!
You die...

#..#..###.#. ##
#..#.# . . #.##
. #..# .. .
###.##..###.#..
..# .#...##...
# .. ...#.#..)
##. ..
#..##.##.#
##.....##.
###@..#
#.X.......
....#..#...
#.#......#...
#.#.#.##..#.. #
#. .# ##... .#
#> .. . .


You could see a large abomination.

Vanquished Creatures
  An ogre (D:3)
  An orc priest (D:3)
  A white imp (Abyss:1)
  An adder skeleton (D:3)
  2 orcs (D:3)
  8 ball pythons
  7 bats
  5 endoplasms
  4 giant cockroaches
  5 goblins
  6 hobgoblins
  5 jackals (D:1)
  10 kobolds
  5 quokkas
  3 frilled lizards
  8 rats
72 creatures vanquished.

Vanquished Creatures (others)
  6 plants (D:3)
6 creatures vanquished.

Grand Total: 78 creatures vanquished

Notes
Turn   | Place    | Note
-------+----------+-------------------------------------------
     0 | D:1      | bande the Gargoyle Fighter began the quest for the Orb.
     0 | D:1      | Reached XP level 1. HP: 14/14 MP: 1/1
    11 | D:1      | You fall into a shaft and drop 1 floor!
   209 | D:2      | Reached XP level 2. HP: 7/19 MP: 2/2
   854 | D:1      | Reached XP level 3. HP: 23/23 MP: 3/3
  1483 | D:2      | Found a faded altar of an unknown god.
  1738 | D:2      | Reached XP level 4. HP: 28/28 MP: 4/4
  1817 | D:3      | Identified a scroll of acquirement
  1817 | D:3      | Acquired the ring of Sasmea {Int+5 Dex+2 SInv}
  2169 | D:3      | Found a transporter.
  2170 | D:3      | Found a transporter.
  2314 | D:3      | Noticed an ogre
  2319 | D:3      | Killed an ogre
  2320 | D:3      | Reached XP level 5. HP: 19/33 MP: 5/5
  2826 | D:3      | Found a large runed translucent door.
  2826 | D:3      | Found a large runed translucent door.
  2827 | D:3      | Found a corrupted altar of Lugonu.
  2877 | D:3      | Found a one-way gate to the infinite horrors of the Abyss.
  3050 | D:3      | Noticed flotson's ghost (amateur DsDe)
  3140 | D:3      | Cast into level 1 of the Abyss (kobold)
  3194 | Abyss:1  | Noticed a large abomination
  3197 | Abyss:1  | Mangled by a large abomination

Illustrated notes

Levels and vault maps discovered:
D:1:      erik_arrival_cave_to_civilisation [erik_arrival_cave_to_temple],
          layout_basic
D:2:      layout_loops_ring, hellmonk_ecumenical_altar_inner_sanctum
D:3:      due_chaos_kobolds, layout_loops_ring, gammafunk_ghost_gnarly_gnolls,
          hex_medium
Abyss:1:  base: Temple, hangedman_decor_peaks_small

Skill      XL: |  1  2  3  4 |
---------------+-------------+-----
Axes           | 2 3 4 |  4.2
Shields        | 4 |  4.0
Fighting       | |  3.8
Armour         | |  3.9
Dodging        | |  0.3

Action                   |  1- 3 |  4- 6 || total
-------------------------+-------+-------++-------
Melee: War axe           |   154 |    69 ||   223
  Use: Scroll            |     6 |     4 ||    10
Armor: Scale mail        |    98 |    25 ||   123
       Chain mail        |       |     9 ||     9
Dodge: Dodged            |    94 |    21 ||   115
Block: Buckler           |    53 |    18 ||    71

Table legend: (Time is in decaauts)
 A = Elapsed time spent in this place.
 B = Non-inter-level travel time spent in this place.
 C = Inter-level travel time spent in this place.
 D = Time resting spent in this place.
 E = Time spent auto-exploring this place.
 F = Levels seen in this place.
 G = Mean time per level.
                   A        B        C        D        E       F      G
               +--------+--------+--------+--------+--------+-----+--------+
         Total |   3278 |   3278 |      0 |    653 |   1898 |   4 |  819.5 |
       Dungeon |   3220 |   3220 |      0 |    653 |   1898 |   3 | 1073.3 |
         Abyss |     57 |     57 |      0 |      0 |      0 |   1 |   57.0 |
               +--------+--------+--------+--------+--------+-----+--------+

Top non-repeatable levels by time:
     D:3: 1342 daAuts
     D:2: 1214 daAuts
     D:1: 663 daAuts
 Abyss:1: 57 daAuts
